 Dungeon Crawl Stone Soup version 0.25-a0-479-g8579842fd4 (webtiles) character file.

Game seed: 3550326413888703276, levelgen mode: deterministic

185 Notrik the Skirmisher (level 5, 0/52 HPs)
             Began as a Hill Orc Fighter on Feb 9, 2020.
             Slain by an orc wizard
             ... wielding a +0 dagger of electrocution
              (16 damage)
             ... on level 3 of the Dungeon.
             The game lasted 00:02:31 (2470 turns).

Notrik the Skirmisher (Hill Orc Fighter)            Turns: 2470, Time: 00:02:31

Health: 0/52       AC:  6    Str: 20    XL:     5   Next: 64%
Magic:  5/5        EV:  7    Int:  8    God:
Gold:   197        SH:  9    Dex: 10    Spells: 4/4 levels left

rFire    . . .     SeeInvis .   a - +0 war axe
rCold    . . .     Gourm    .   q - +0 shield
rNeg     . . .     Faith    .   b - +0 scale mail
rPois    .         Spirit   .   (no helmet)
rElec    .         Reflect  .   (no cloak)
rCorr    .         Harm     .   (no gloves)
MR       .....                  (no boots)
Stlth    ..........             (no amulet)
HPRegen  0.17/turn              (no ring)
MPRegen  0.09/turn              (no ring)

@: slowed, very slow
A: no striking features
a: no special abilities


You were on level 3 of the Dungeon.
You were not hungry.

You visited 1 branch of the dungeon, and saw 3 of its levels.

You collected 197 gold pieces.

Inventory:

Hand Weapons
 a - a +0 war axe (weapon)
Armour
 b - a +0 scale mail (worn)
 l - a +0 pair of gloves
   (You found it on level 2 of the Dungeon)
 q - a +0 shield (worn)
Jewellery
 g - an uncursed ring of fire {unknown}
   (You found it on level 1 of the Dungeon)
Wands
 c - a wand of disintegration (9)
   (You found it on level 3 of the Dungeon)
Scrolls
 h - 6 scrolls of identify {unknown}
 j - 2 scrolls of random uselessness {unknown}
 n - a scroll of immolation {unknown}
 p - 3 scrolls of remove curse {unknown}
Potions
 d - 2 potions of might
 f - a potion of resistance {unknown}
 k - a potion of curing {unknown}
 m - a potion of mutation {unknown}
 o - a potion of lignification {unknown}
Comestibles
 e - 9 rations {!d}


   Skills:
 * Level 7.4 Fighting
 - Level 2.6 Axes
 - Level 3.2 Armour
 - Level 3.2 Shields


You had 4 spell levels left.
You didn't know any spells.
Your spell library was empty.

Dungeon Overview and Level Annotations

Branches:
Dungeon (3/15)

Altars:


Message History

There are monsters nearby!
The orc wizard shouts!
An orc comes into view.
The orc wizard gestures at you while chanting.
The puff of frost hits you!
The orc wizard gestures wildly while chanting.
The orc wizard seems to speed up.
There is an open door here.
The orc wizard points at you and mumbles some strange words.
You feel yourself slow down.
Your shield and scale mail prevent you from hitting the orc wizard.
The orc wizard casts a spell at you. The magic dart hits you.
You block the orc wizard's attack.
You hit the orc wizard but do no damage.
The orc wizard gestures wildly while chanting.
The orc wizard blinks!
You slash the orc!
You kill the orc!
The orc wizard casts a cantrip, but nothing happens.
You closely miss the orc wizard. You block the orc wizard's attack.
The orc wizard gestures at you while chanting.
The puff of flame hits you!
You slash the orc wizard! You hit the orc.
The orc wizard hits you but does no damage. x2
The orc hits you but does no damage. You block the orc wizard's attack.
The orc hits you but does no damage.
The orc wizard hits you but does no damage.
You slash the orc!
You kill the orc!
You closely miss the orc wizard.
The orc wizard hits you but does no damage.
You block the orc wizard's attack. The orc hits you but does no damage.
You block the orc wizard's attack. You block the orc's attack.
The orc wizard hits you but does no damage.
You slash the orc wizard!
You kill the orc wizard!
You slash the orc!
You kill the orc!
You completely miss the orc wizard. The orc wizard barely misses you.
The orc wizard hits you but does no damage.
You are electrocuted!
* * * LOW HITPOINT WARNING * * *
You slash the orc wizard! You block the orc wizard's attack.
The orc wizard casts a spell at you. You resist with some effort.
Your scale mail prevents you from hitting the orc wizard.
The orc wizard hits you with a +0 dagger of electrocution.
* * * LOW HITPOINT WARNING * * *
You are electrocuted!
You die...

.........###################
.........'......[.>#
.........#.#######.#
<........#.#....##.#
.......#.#.#....##.########
.#####.#.#.#....##.........
.......#.#.#....##.........
.####..#........)o....%....
....#..#........@#....%....
#.#.#..##........#..o.o....
..#.#............#.........
..#.#>##.........#.........
..#.#............#.........
..#.#............##########
....#............#
##.##............#
##..#............#


You could see an orc wizard.

Vanquished Creatures
  An orc wizard (D:3)
  Ijyb (D:3)
  A gnoll (D:1)
  4 adders (D:2)
  2 worms
  3 dart slugs
  A leopard gecko (D:1)
  8 orcs (D:3)
  A ball python (D:2)
  A giant cockroach (D:1)
  9 goblins
  10 hobgoblins
  4 jackals (D:2)
  2 quokkas
  4 bats
  A frilled lizard (D:2)
  6 kobolds
  2 rats (D:2)
61 creatures vanquished.

Notes
Turn   | Place    | Note
-------+----------+-------------------------------------------
     0 | D:1      | Notrik the Hill Orc Fighter began the quest for the Orb.
     0 | D:1      | Reached XP level 1. HP: 19/19 MP: 1/1
   192 | D:1      | Reached skill level 4 in Fighting
   192 | D:1      | Reached XP level 2. HP: 18/28 MP: 2/2
   641 | D:1      | Reached XP level 3. HP: 35/35 MP: 3/3
   702 | D:1      | Reached skill level 5 in Fighting
  1122 | D:2      | Reached XP level 4. HP: 43/44 MP: 4/4
  1236 | D:2      | Reached skill level 6 in Fighting
  1748 | D:3      | Reached XP level 5. HP: 51/51 MP: 5/5
  2018 | D:3      | Noticed Ijyb
  2040 | D:3      | Killed Ijyb
  2040 | D:3      | Reached skill level 7 in Fighting
  2470 | D:3      | Slain by an orc wizard

Levels and vault maps discovered:
D:1:      roderic_crop_circles_arrival_small, layout_basic,
          kennysheep_flooded_box
D:2:      cheibrodos_greedy_goblins, layout_loops_ring, hangedman_feature_mirror
D:3:      layout_basic, uniq_ijyb

Skill      XL: |  1  2  3  4  5 |
---------------+----------------+-----
Fighting       | 4 5 6 7 |  7.4
Axes           | |  2.6
Armour         | |  3.2
Shields        | |  3.2

Action                   |  1- 3 |  4- 6 || total
-------------------------+-------+-------++-------
Melee: War axe           |    62 |   128 ||   190
  Eat: Chunk             |     1 |     4 ||     5
Armor: Scale mail        |    22 |    49 ||    71
Dodge: Dodged            |    19 |    42 ||    61
Block: Shield            |    32 |    70 ||   102

Table legend:
 A = Non-vault XP
 B = Vault XP
 C = Vault XP percentage of total XP
 D = Non-vault monster count
 E = Vault monster count
 F = Vault count percentage of total count
                 A         B        C        D         E       F
            +---------+---------+-------+---------+---------+-------
      Total |     200 |      65 |  24.5 |      51 |      10 |  16.4
            +---------+---------+-------+---------+---------+-------
        D:1 |      42 |       0 |   0.0 |      14 |       0 |   0.0
        D:2 |      83 |      29 |  25.9 |      24 |       9 |  27.3
        D:3 |      75 |      36 |  32.4 |      13 |       1 |   7.1
            +---------+---------+-------+---------+---------+-------
